 Dungeon Crawl Stone Soup version 0.14-a0-2950-gbe29d66 (webtiles) character file.

278 Neoxx the Sneak (level 4, -1/18 HPs)
             Began as a Felid Wanderer on Mar 4, 2014.
             Splashed by a jelly's acid (5 damage)
             ... on Level 4 of the Dungeon.
             The game lasted 00:19:33 (4271 turns).

Neoxx the Sneak (Felid Wanderer)                    Turns: 4271, Time: 00:19:33

HP  -1/18        AC  1     Str  7      XL: 4   Next: 35%
MP  21/21        EV 17     Int 14      God:
Gold 186         SH  0     Dex 17      Spells:  1 memorised,  6 levels left
Lives: 0, deaths: 1

rFire  . . .     SeeInvis +       - Unarmed
rCold  . . .     Clarity  .     (armour unavailable)
rNeg   . . .     Conserve .     (shield unavailable)
rPois  .         rCorr    .     (helmet unavailable)
rElec  .         rRot     .     (cloak unavailable)
SustAb . .       Spirit   .     (gloves unavailable)
rMut   +         Warding  .     (boots unavailable)
Saprov . . .     Stasis   .     k - amulet of resist mutation
MR     .....                    (no ring)
                                u - cursed ring of magical power

@: quick, not resistant to hostile enchantments, quite stealthy
A: paw claws, no armour, no weapons or thrown items, fangs 3, see invisible,
carnivore 3, speed 1, shaggy fur 1, slow metabolism 1, jump 1
a: Jump Attack


You were on level 4 of the Dungeon.
You were not hungry.

You visited 1 branch of the dungeon, and saw 4 of its levels.

You collected 186 gold pieces.

Inventory:

Hand weapons
 t - a cursed +0,-3 dagger
Comestibles
 c - 4 bread rations
 d - 2 meat rations
 g - a pear
 i - a snozzcumber
 s - a lemon
Scrolls
 b - 3 scrolls of identify
 h - 4 scrolls of immolation {unknown}
 l - 2 scrolls of fog {unknown}
 m - 3 scrolls of noise {unknown}
 n - a scroll of fear {unknown}
 o - a scroll of magic mapping {unknown}
 r - 2 scrolls of remove curse {unknown}
Jewellery
 k - an amulet of resist mutation (around neck)
 u - a cursed ring of magical power (left paw)
Potions
 a - a potion of heal wounds
 f - 3 potions of agility {unknown}
 j - 3 potions of curing
 q - 2 potions of speed {unknown}


   Skills:
 + Level 1.8 Dodging
 + Level 4.5 Stealth
 * Level 3.5 Unarmed Combat
 - Level 2.0 Spellcasting
   Level 1.2 Charms
 - Level 4.3 Transmutations
   Level 1.0 Poison Magic
   Level 1.0 Invocations


You had 6 spell levels left.
You knew the following spells:

 Your Spells              Type           Power        Failure   Level  Hunger
a - Beastly Appendage     Trmt           ##....       4%          1    ##.....


Dungeon Overview and Level Annotations

Branches:
Dungeon (4/16)
 Temple: D:4-7

Altars:
Cheibriados

Annotations:
D:3 exclusion: iguana, Ijyb, Purgy
D:4 exclusions: adder and orc wizard


Innate Abilities, Weirdness & Mutations

You cannot wear armour.
You are incapable of wielding weapons or throwing items.
Your paws have sharp claws.
You have razor-sharp teeth.
You have supernaturally acute eyesight.
You are carnivorous and can eat meat at any time.
You cover ground quickly.
You are covered in fur (AC +1).
You have a slow metabolism.
You can jump attack at a short distance.


Message History

The orc wizard is almost dead.
The orc wizard barely misses you.
You closely miss the orc wizard.
The orc wizard is almost dead.
The orc wizard barely misses you.
You scratch the orc wizard.
You kill the orc wizard!
Things that are here:
a dagger; an orcish robe; an orc corpse A jelly comes into view.
Found 13 steel sling bullets.
The jelly quivers.
An adder comes into view.
The jelly barely misses you.
You see here a leather armour.
You claw the jelly!
Your paws burn!
* * * LOW HITPOINT WARNING * * *
The jelly is heavily wounded.
You scratch the jelly.
Your paws burn!
You die...

...!###(...# #.# ....# #....#
#....... ....# #....# #S.......
##..###....###.........
#..................(...
##.###................. #.#
#....###.......... #.# #....#
#..J.......# ###.# #....#
#..@.......# #...# ##.###
#..........# #...####.#
#..........#
#..o..##.#######.########
#...#.##.........######## . .
............................$S.
.................(......(.....#
#...#.##.#####.#)#########.#..#
..............................#


You could see a jelly and an adder (sleeping).

Vanquished Creatures
  2 orc wizards (D:4)
  2 adders
  A giant mite (D:3)
  2 giant geckos
  An ooze (D:1)
  9 orcs
  3 giant cockroaches
  16 hobgoblins
  9 kobolds
  7 bats
  4 giant newts
  7 goblins
  4 jackals
  6 rats
73 creatures vanquished.

Notes
Turn   | Place    | Note
--------------------------------------------------------------
     0 | D:1      | Neoxx, the Felid Wanderer, began the quest for the Orb.
     0 | D:1      | Reached XP level 1. HP: 7/7 MP: 6/6
   307 | D:1      | Reached skill level 1 in Unarmed Combat
   369 | D:1      | Reached XP level 2. HP: 3/11 MP: 7/7
  1160 | D:2      | Found a snail-covered altar of Cheibriados.
  1160 | D:2      | Noticed an elephant slug
  1173 | D:2      | Noticed an elephant slug
  1173 | D:2      | Noticed an elephant slug
  1242 | D:2      | Reached XP level 3. HP: 8/14 MP: 8/10
  2261 | D:3      | Noticed Ijyb
  2271 | D:3      | Noticed Purgy
  2489 | D:3      | Reached XP level 4. HP: 12/18 MP: 10/12
  2741 | D:3      | Reached skill level 1 in Dodging
  3913 | D:4      | Reached XP level 5. HP: 3/21 MP: 14/14
  4242 | D:4      | Slain by an iguana
  4243 | D:4      | Reached XP level 4. HP: -1/18 MP: 21/21
  4271 | D:4      | Splashed by a jelly's acid

Action                   |  1- 3 |  4- 6 || total
-------------------------+-------+-------++-------
Melee: Unarmed           |   112 |    90 ||   202
 Cast: Beastly Appendage |    26 |    16 ||    42
 Abil: Jump Attack       |    16 |     7 ||    23
  Use: Potion            |     1 |     2 ||     3
       Scroll            |       |     1 ||     1
 Stab: Sleeping          |     2 |     4 ||     6
       Distracted        |       |     1 ||     1
